[ AOE2 MATCH · #506111406 ]
UnrankedCumans vs Huns
Player's team · LOSS
Rival team · WIN
[ REPLAY ANALYSIS · EXTRACTED FROM THE RECORDED GAME ]
Feudal
9:25
Castle
25:11
Imperial
—
| APM avg | 48.0 |
| APM peak | 96 |
| eAPM avg | 24.4 |
| Villagers / military | 139 / 66 |
Focus
⚔️ 32.5% · 🌾 67.5%
Kipchak ×24 · Archer ×13 · Skirmisher ×12 · Scorpion ×9 · Spearman ×5 · Battering Ram ×2
Feudal
8:32
Castle
24:49
Imperial
40:51
| APM avg | 69.4 |
| APM peak | 99 |
| eAPM avg | 20.0 |
| Villagers / military | 152 / 98 |
Focus
⚔️ 35.9% · 🌾 64.1%
Cavalry Archer ×66 · Archer ×23 · Scout Cavalry ×3 · Monk ×2 · Mangonel ×2 · Trebuchet (Packed) ×2
Match map
Initial resources + every placement click. Lines = walls · curves = elevation contours. ◆ gold · ⬟ stone · ● berries · ✦ relic · ◌ wall gap
Your base· Open — unwalled flank
lesuanhuy's base· Open — unwalled flank
Smoothed initial terrain · ◌ = detected wall gap · hover for details
Inputs per minute
— AE | TurRomanticoH - - lesuanhuy
Build order — AE | TurRomanticoH
First 150 of 366 actions detected
| 0:01 | Queue | Villager (Male) |
| 0:01 | Queue | Villager (Male) |
| 0:01 | Queue | Villager (Male) |
| 0:04 | Build | House |
| 0:05 | Build | House |
| 0:12 | Queue | Villager (Male) |
| 0:12 | Queue | Villager (Male) |
| 1:27 | Queue | Villager (Male) |
| 1:27 | Queue | Villager (Male) |
| 1:57 | Build | Lumber Camp |
| 2:01 | Queue | Villager (Male) |
| 2:01 | Queue | Villager (Male) |
| 2:17 | Queue | Villager (Male) |
| 2:18 | Queue | Villager (Male) |
| 2:50 | Queue | Villager (Male) |
| 2:50 | Queue | Villager (Male) |
| 2:50 | Queue | Villager (Male) |
| 2:51 | Queue | Villager (Male) |
| 3:04 | Queue | Villager (Male) |
| 3:04 | Queue | Villager (Male) |
| 3:04 | Queue | Villager (Male) |
| 3:32 | Queue | Villager (Male) |
| 3:32 | Queue | Villager (Male) |
| 3:32 | Queue | Villager (Male) |
| 3:55 | Build | House |
| 4:09 | Queue | Villager (Male) |
| 4:10 | Queue | Villager (Male) |
| 4:10 | Queue | Villager (Male) |
| 4:24 | Build | House |
| 4:37 | Queue | Villager (Male) |
| 4:37 | Queue | Villager (Male) |
| 4:37 | Queue | Villager (Male) |
| 5:00 | Queue | Villager (Male) |
| 5:01 | Queue | Villager (Male) |
| 5:01 | Queue | Villager (Male) |
| 5:01 | Queue | Villager (Male) |
| 5:28 | Build | Mill |
| 5:32 | Queue | Villager (Male) |
| 5:32 | Queue | Villager (Male) |
| 5:48 | Research | Loom |
| 5:48 | Research | Loom |
| 6:40 | Queue | Villager (Male) |
| 7:15 | Research | Feudal Age |
| 7:16 | Research | Feudal Age |
| 7:16 | Research | Feudal Age |
| 9:25 | Age | Feudal Age |
| 9:27 | Build | Barracks |
| 9:28 | Queue | Villager (Male) |
| 9:42 | Research | Double-Bit Axe |
| 9:42 | Research | Double-Bit Axe |
| 9:42 | Research | Double-Bit Axe |
| 9:55 | Queue | Villager (Male) |
| 10:06 | Build | House |
| 10:08 | Build | Palisade Wall |
| 10:09 | Build | Palisade Wall |
| 10:11 | Queue | Villager (Male) |
| 10:19 | Build | Town Center |
| 10:25 | Queue | Villager (Male) |
| 10:48 | Build | House |
| 10:53 | Queue | Villager (Male) |
| 11:16 | Build | House |
| 11:18 | Build | Palisade Wall |
| 11:19 | Queue | Villager (Male) |
| 11:26 | Queue | Villager (Male) |
| 11:27 | Queue | Spearman |
| 11:43 | Queue | Villager (Male) |
| 12:20 | Build | Farm |
| 12:21 | Build | Farm |
| 12:28 | Queue | Villager (Male) |
| 12:42 | Queue | Villager (Male) |
| 12:46 | Queue | Spearman |
| 12:55 | Queue | Spearman |
| 13:03 | Build | Farm |
| 13:04 | Build | Farm |
| 13:07 | Build | Farm |
| 13:09 | Research | Horse Collar |
| 13:09 | Research | Horse Collar |
| 13:09 | Research | Horse Collar |
| 13:17 | Queue | Villager (Male) |
| 13:21 | Build | House |
| 13:26 | Queue | Villager (Male) |
| 13:38 | Build | Farm |
| 13:39 | Build | Farm |
| 13:46 | Queue | Villager (Male) |
| 13:50 | Build | Farm |
| 13:57 | Build | Farm |
| 14:34 | Queue | Villager (Male) |
| 14:43 | Queue | Spearman |
| 14:43 | Queue | Spearman |
| 14:46 | Build | Farm |
| 14:47 | Build | Farm |
| 14:50 | Build | Lumber Camp |
| 15:00 | Queue | Villager (Male) |
| 15:16 | Build | Mining Camp |
| 15:24 | Build | Farm |
| 15:25 | Queue | Villager (Male) |
| 15:25 | Queue | Villager (Male) |
| 15:29 | Queue | Villager (Male) |
| 15:52 | Build | Archery Range |
| 15:55 | Build | House |
| 16:06 | Queue | Villager (Male) |
| 16:19 | Build | Farm |
| 16:21 | Build | Farm |
| 16:23 | Queue | Villager (Male) |
| 16:30 | Build | House |
| 16:37 | Queue | Villager (Male) |
| 16:38 | Queue | Villager (Male) |
| 16:46 | Queue | Archer |
| 16:50 | Build | House |
| 16:58 | Build | Palisade Wall |
| 17:03 | Queue | Villager (Male) |
| 17:05 | Build | House |
| 17:11 | Build | Farm |
| 17:12 | Build | Farm |
| 17:15 | Queue | Villager (Male) |
| 17:29 | Build | House |
| 17:33 | Queue | Villager (Male) |
| 17:40 | Queue | Villager (Male) |
| 17:46 | Queue | Archer |
| 17:56 | Build | Watch Tower |
| 18:03 | Queue | Villager (Male) |
| 18:06 | Build | Farm |
| 18:10 | Build | Farm |
| 18:11 | Queue | Villager (Male) |
| 18:13 | Build | Farm |
| 18:17 | Queue | Villager (Male) |
| 18:20 | Queue | Archer |
| 18:21 | Queue | Archer |
| 18:44 | Queue | Archer |
| 18:48 | Queue | Villager (Male) |
| 18:56 | Build | House |
| 18:57 | Build | House |
| 19:00 | Queue | Villager (Male) |
| 19:03 | Build | Farm |
| 19:05 | Queue | Villager (Male) |
| 19:14 | Build | Farm |
| 19:25 | Queue | Villager (Male) |
| 19:29 | Queue | Archer |
| 19:35 | Queue | Villager (Male) |
| 19:35 | Queue | Villager (Male) |
| 19:43 | Build | Market |
| 19:47 | Research | Wheelbarrow |
| 19:48 | Research | Wheelbarrow |
| 19:48 | Research | Wheelbarrow |
| 19:57 | Queue | Villager (Male) |
| 20:07 | Queue | Archer |
| 20:15 | Queue | Villager (Male) |
| 20:21 | Build | Watch Tower |
| 20:46 | Build | Farm |
| 20:48 | Build | Farm |
Build order — lesuanhuy
First 150 of 385 actions detected
| 0:01 | Queue | Villager (Male) |
| 0:09 | Queue | Villager (Male) |
| 0:21 | Queue | Villager (Male) |
| 0:22 | Queue | Villager (Male) |
| 1:31 | Queue | Villager (Male) |
| 2:06 | Queue | Villager (Male) |
| 2:14 | Build | Lumber Camp |
| 2:24 | Queue | Villager (Male) |
| 2:54 | Queue | Villager (Male) |
| 2:56 | Queue | Villager (Male) |
| 2:56 | Queue | Villager (Male) |
| 2:56 | Queue | Villager (Male) |
| 3:47 | Queue | Villager (Male) |
| 3:50 | Queue | Villager (Male) |
| 4:05 | Queue | Villager (Male) |
| 4:21 | Queue | Villager (Male) |
| 5:04 | Queue | Villager (Male) |
| 5:17 | Build | Mill |
| 5:35 | Research | Loom |
| 6:22 | Research | Feudal Age |
| 6:22 | Research | Feudal Age |
| 7:22 | Build | Barracks |
| 7:39 | Build | Palisade Wall |
| 7:40 | Build | Palisade Wall |
| 7:41 | Build | Palisade Wall |
| 7:41 | Build | Palisade Wall |
| 7:50 | Build | Palisade Wall |
| 7:51 | Build | Palisade Wall |
| 7:52 | Build | Palisade Wall |
| 7:53 | Build | Palisade Wall |
| 8:16 | Build | Palisade Wall |
| 8:22 | Queue | Villager (Male) |
| 8:31 | Queue | Villager (Male) |
| 8:32 | Age | Feudal Age |
| 8:36 | Build | Stable |
| 8:37 | Queue | Villager (Male) |
| 8:44 | Research | Double-Bit Axe |
| 9:01 | Queue | Villager (Male) |
| 9:17 | Research | Horse Collar |
| 9:19 | Queue | Scout Cavalry |
| 9:24 | Queue | Villager (Male) |
| 9:27 | Build | Lumber Camp |
| 9:31 | Queue | Villager (Male) |
| 9:47 | Queue | Villager (Male) |
| 9:58 | Queue | Scout Cavalry |
| 10:00 | Research | Horse Collar |
| 10:10 | Queue | Villager (Male) |
| 10:28 | Queue | Villager (Male) |
| 11:01 | Queue | Villager (Male) |
| 11:12 | Queue | Villager (Male) |
| 11:22 | Queue | Villager (Male) |
| 11:30 | Build | Mining Camp |
| 11:33 | Queue | Villager (Male) |
| 11:44 | Queue | Scout Cavalry |
| 11:47 | Queue | Villager (Male) |
| 11:52 | Queue | Villager (Male) |
| 11:54 | Build | Farm |
| 11:55 | Build | Farm |
| 11:57 | Build | Farm |
| 12:18 | Build | Watch Tower |
| 12:32 | Queue | Villager (Male) |
| 12:44 | Build | Farm |
| 12:52 | Queue | Villager (Male) |
| 13:21 | Queue | Villager (Male) |
| 13:35 | Queue | Villager (Male) |
| 13:39 | Build | Palisade Wall |
| 13:40 | Build | Palisade Wall |
| 13:41 | Build | Palisade Wall |
| 13:42 | Build | Palisade Wall |
| 13:56 | Queue | Villager (Male) |
| 14:12 | Build | Watch Tower |
| 14:18 | Queue | Villager (Male) |
| 14:21 | Build | Archery Range |
| 14:49 | Queue | Villager (Male) |
| 14:52 | Build | Farm |
| 15:03 | Queue | Villager (Male) |
| 15:04 | Build | Mining Camp |
| 15:16 | Build | Blacksmith |
| 15:17 | Queue | Archer |
| 15:40 | Build | Farm |
| 15:48 | Queue | Villager (Male) |
| 15:57 | Queue | Villager (Male) |
| 16:16 | Research | Fletching |
| 16:49 | Build | Watch Tower |
| 16:55 | Queue | Villager (Male) |
| 16:58 | Build | Farm |
| 17:03 | Queue | Archer |
| 17:07 | Queue | Archer |
| 17:07 | Queue | Archer |
| 17:12 | Queue | Villager (Male) |
| 17:14 | Build | Farm |
| 17:43 | Build | Watch Tower |
| 17:54 | Queue | Villager (Male) |
| 17:57 | Queue | Villager (Male) |
| 17:59 | Build | Farm |
| 18:00 | Build | Farm |
| 18:03 | Queue | Archer |
| 18:14 | Queue | Archer |
| 18:37 | Queue | Villager (Male) |
| 18:41 | Build | Farm |
| 18:51 | Build | Watch Tower |
| 18:54 | Build | Farm |
| 18:57 | Build | Farm |
| 19:02 | Build | Farm |
| 19:03 | Build | Farm |
| 19:08 | Queue | Villager (Male) |
| 19:16 | Build | Farm |
| 19:21 | Queue | Archer |
| 19:27 | Queue | Villager (Male) |
| 19:28 | Build | Farm |
| 19:37 | Build | Palisade Wall |
| 19:38 | Build | Palisade Wall |
| 19:39 | Build | Palisade Wall |
| 19:40 | Build | Palisade Wall |
| 19:42 | Build | Palisade Wall |
| 19:43 | Build | Palisade Wall |
| 19:44 | Build | Palisade Wall |
| 19:44 | Build | Palisade Wall |
| 19:49 | Queue | Archer |
| 19:58 | Build | Watch Tower |
| 20:01 | Queue | Villager (Male) |
| 20:04 | Build | Farm |
| 20:04 | Build | Farm |
| 20:29 | Queue | Archer |
| 21:03 | Queue | Villager (Male) |
| 21:15 | Build | Watch Tower |
| 21:21 | Queue | Villager (Male) |
| 21:27 | Build | Farm |
| 22:06 | Build | Watch Tower |
| 22:09 | Research | Castle Age |
| 22:09 | Research | Castle Age |
| 22:32 | Research | Gold Mining |
| 22:33 | Queue | Villager (Male) |
| 22:49 | Queue | Villager (Male) |
| 22:56 | Build | Archery Range |
| 23:06 | Build | Watch Tower |
| 23:08 | Queue | Archer |
| 23:08 | Queue | Archer |
| 23:38 | Research | Padded Archer Armor |
| 23:40 | Queue | Archer |
| 23:40 | Queue | Archer |
| 23:41 | Queue | Archer |
| 23:45 | Build | Archery Range |
| 24:02 | Build | Palisade Wall |
| 24:02 | Build | Palisade Wall |
| 24:03 | Build | Palisade Wall |
| 24:04 | Build | Palisade Wall |
| 24:05 | Build | Palisade Wall |
| 24:05 | Build | Palisade Wall |
| 24:06 | Build | Palisade Wall |
Match timeline
| 7:22 | lesuanhuy · first_building Barracks |
| 7:39 | lesuanhuy · wall_segment Palisade Wall x1 |
| 7:40 | lesuanhuy · wall_segment Palisade Wall x1 |
| 7:41 | lesuanhuy · wall_segment Palisade Wall x1 |
| 7:41 | lesuanhuy · wall_segment Palisade Wall x1 |
| 7:50 | lesuanhuy · wall_segment Palisade Wall x1 |
| 7:51 | lesuanhuy · wall_segment Palisade Wall x1 |
| 7:52 | lesuanhuy · wall_segment Palisade Wall x1 |
| 7:53 | lesuanhuy · wall_segment Palisade Wall x1 |
| 8:16 | lesuanhuy · wall_segment Palisade Wall x3 |
| 8:32 | lesuanhuy · age_up feudal |
| 8:36 | lesuanhuy · first_building Stable |
| 9:25 | AE | TurRomanticoH · age_up feudal |
| 9:27 | AE | TurRomanticoH · first_building Barracks |
| 10:08 | AE | TurRomanticoH · wall_segment Palisade Wall x1 |
| 10:09 | AE | TurRomanticoH · wall_segment Palisade Wall x1 |
| 11:18 | AE | TurRomanticoH · wall_segment Palisade Wall x1 |
| 13:39 | lesuanhuy · wall_segment Palisade Wall x1 |
| 13:40 | lesuanhuy · wall_segment Palisade Wall x1 |
| 13:41 | lesuanhuy · wall_segment Palisade Wall x1 |
| 13:42 | lesuanhuy · wall_segment Palisade Wall x1 |
| 14:21 | lesuanhuy · first_building Archery Range |
| 15:52 | AE | TurRomanticoH · first_building Archery Range |
| 16:58 | AE | TurRomanticoH · wall_segment Palisade Wall x17 |
| 19:37 | lesuanhuy · wall_segment Palisade Wall x1 |
| 19:38 | lesuanhuy · wall_segment Palisade Wall x1 |
| 19:39 | lesuanhuy · wall_segment Palisade Wall x1 |
| 19:40 | lesuanhuy · wall_segment Palisade Wall x1 |
| 19:42 | lesuanhuy · wall_segment Palisade Wall x1 |
| 19:43 | lesuanhuy · wall_segment Palisade Wall x1 |
| 19:44 | lesuanhuy · wall_segment Palisade Wall x1 |
| 19:44 | lesuanhuy · wall_segment Palisade Wall x1 |
| 21:36 | AE | TurRomanticoH · wall_segment Palisade Wall x1 |
| 21:53 | AE | TurRomanticoH · first_market_sell 100 wood |
| 21:57 | AE | TurRomanticoH · first_market_buy 100 food |
| 24:02 | lesuanhuy · wall_segment Palisade Wall x1 |
| 24:02 | lesuanhuy · wall_segment Palisade Wall x1 |
| 24:03 | lesuanhuy · wall_segment Palisade Wall x1 |
| 24:04 | lesuanhuy · wall_segment Palisade Wall x1 |
| 24:05 | lesuanhuy · wall_segment Palisade Wall x1 |
| 24:05 | lesuanhuy · wall_segment Palisade Wall x1 |
| 24:06 | lesuanhuy · wall_segment Palisade Wall x1 |
| 24:11 | lesuanhuy · wall_segment Palisade Wall x1 |
| 24:12 | lesuanhuy · wall_segment Palisade Wall x1 |
| 24:12 | lesuanhuy · wall_segment Palisade Wall x1 |
| 24:14 | lesuanhuy · wall_segment Palisade Wall x1 |
| 24:15 | lesuanhuy · wall_segment Palisade Wall x1 |
| 24:16 | lesuanhuy · wall_segment Palisade Wall x1 |
| 24:16 | lesuanhuy · wall_segment Palisade Wall x1 |
| 24:17 | lesuanhuy · wall_segment Palisade Wall x1 |
| 24:49 | lesuanhuy · age_up castle |
| 25:11 | AE | TurRomanticoH · age_up castle |
| 25:31 | AE | TurRomanticoH · first_building Castle |
| 30:59 | AE | TurRomanticoH · first_building Siege Workshop |
| 31:06 | lesuanhuy · first_building Siege Workshop |
| 31:22 | lesuanhuy · first_building Monastery |
| 35:41 | AE | TurRomanticoH · first_building Stable |
| 38:52 | lesuanhuy · first_building Castle |
| 39:13 | AE | TurRomanticoH · wall_segment Palisade Wall x1 |
| 39:15 | AE | TurRomanticoH · wall_segment Palisade Wall x1 |
| 40:51 | lesuanhuy · age_up imperial |
| 42:08 | AE | TurRomanticoH · resign |
[ AI ANALYSIS · 1 CREDIT ]
What really happened in this match?
Wolo.gg analyzes every decision: build order, eco, micro, common mistakes by bracket. Personalized analysis on WhatsApp or Discord in 30 seconds.
Civ guide
Cumans
Perfil
Jugador #3548374